| TOP OF THE 1ST |
|
California Angels batting - Pitching for Detroit Tigers : RHP Dennis Martinez
|
|
Pitching: RHP Dennis Martinez
|
|
|
Batting: RHB Jeff Atherton
|
0-0: Called Strike 0-1: Ground out 4-3 (Groundball, 4M, EV 100.6 MPH)
|
|
Batting: RHB Frank White
|
0-0: Foul Ball, location: 2F 0-1: Ground out 5-3 (Groundball, 56, EV 78.1 MPH)
|
|
Batting: SHB Jon Hernandez
|
0-0: Ball 1-0: Ball 2-0: Called Strike 2-1: Foul Ball, location: 2F 2-2: Foul Ball, location: 2F 2-2: Foul Ball, location: 2F 2-2: SINGLE (Groundball, 6D, EV 93.8 MPH)
|
|
Batting: LHB Brian Rosinski
|
0-0: Foul Ball, location: 2F 0-1: Ball 1-1: Ball 2-1: SINGLE (Groundball, 56D, EV 100.0 MPH) Jon Hernandez to second
|
|
Batting: RHB Charlie Moore
|
0-0: Ball 1-0: Swinging Strike 1-1: Swinging Strike 1-2: Foul Ball, location: 2F 1-2: Strikes out looking
|
| Top of the 1st over - 0 runs, 2 hits, 0 errors, 2 left on base; California 0 - Detroit 0 |
| BOTTOM OF THE 1ST |
|
Detroit Tigers batting - Pitching for California Angels : RHP Eric Prevost
|
|
Pitching: RHP Eric Prevost
|
|
|
Batting: RHB Tack Wilson
|
0-0: Called Strike 0-1: Called Strike 0-2: Foul Ball, location: 2F 0-2: Fly out, F9 (Line Drive, 9, EV 86.9 MPH)
|
|
Batting: RHB Jose Hidalgo
|
0-0: SINGLE (Line Drive, 8LS, EV 88.1 MPH)
|
|
Batting: SHB Lee Mazzilli
|
0-0: Ball 1-0: Ball 2-0: Ball 3-0: Called Strike 3-1: Base on Balls Jose Hidalgo to second
|
|
Batting: RHB Dave Kingman
|
0-0: Ball Jose Hidalgo steals 3rd base Lee Mazzilli to second 1-0: Called Strike 1-1: Foul Ball, location: 2F 1-2: Fly out, F5 (Popup, 5SF, EV 63.1 MPH)
|
|
Batting: RHB Larry Parrish
|
0-0: Ball 1-0: Swinging Strike 1-1: Ground out 6-3 (Groundball, 6MD, EV 100.0 MPH)
|
| Bottom of the 1st over - 0 runs, 1 hit, 0 errors, 2 left on base; California 0 - Detroit 0 |
| TOP OF THE 2ND |
|
California Angels batting - Pitching for Detroit Tigers : RHP Dennis Martinez
|
|
Batting: SHB Ignacio Medina
|
0-0: Fly out, F5 (Popup, 25F, EV 88.8 MPH)
|
|
Batting: LHB Ralph Garr
|
0-0: Called Strike 0-1: Ground out U3 (Groundball, 34, EV 83.1 MPH)
|
|
Batting: RHB Carlos Pimentel
|
0-0: Ball 1-0: Ball 2-0: Fly out, F3 (Popup, 3SF, EV 70.6 MPH)
|
| Top of the 2nd over - 0 runs, 0 hits, 0 errors, 0 left on base; California 0 - Detroit 0 |
| BOTTOM OF THE 2ND |
|
Detroit Tigers batting - Pitching for California Angels : RHP Eric Prevost
|
|
Batting: RHB Andre Thornton
|
0-0: SINGLE (Line Drive, 4MD, EV 95.0 MPH)
|
|
Batting: RHB Keith Moreland
|
0-0: Ball 1-0: Fly out, F9 (Flyball, 9, EV 90.6 MPH)
|
|
Batting: SHB Raul Gonzalez
|
0-0: Called Strike 0-1: Ball 1-1: Swinging Strike 1-2: Fly out, F8 (Flyball, 8RD, EV 98.1 MPH)
|
|
Batting: RHB Mike Sproles
|
0-0: Ball Andre Thornton is caught stealing 2nd base 2-4
|
| Bottom of the 2nd over - 0 runs, 1 hit, 0 errors, 0 left on base; California 0 - Detroit 0 |
| TOP OF THE 3RD |
|
California Angels batting - Pitching for Detroit Tigers : RHP Dennis Martinez
|
|
Batting: SHB Manny Castillo
|
0-0: Ground out 1-3 (Groundball, P, EV 70.0 MPH)
|
|
Batting: RHB Jeff Atherton
|
0-0: Ball 1-0: Fly out, F9 (Flyball, 9LM, EV 90.6 MPH)
|
|
Batting: RHB Frank White
|
0-0: Called Strike 0-1: SINGLE (Line Drive, 4M, EV 95.0 MPH)
|
|
Batting: SHB Jon Hernandez
|
0-0: Ball 1-0: Foul Ball, location: 2F 1-1: Ball 2-1: Foul Ball, location: 2F 2-2: Foul Ball, location: 2F 2-2: Foul Ball, location: 2F 2-2: Fly out, F8 (Line Drive, 8LD, EV 90.0 MPH)
|
| Top of the 3rd over - 0 runs, 1 hit, 0 errors, 1 left on base; California 0 - Detroit 0 |
| BOTTOM OF THE 3RD |
|
Detroit Tigers batting - Pitching for California Angels : RHP Eric Prevost
|
|
Batting: RHB Mike Sproles
|
0-0: Ball 1-0: Ball 2-0: Ball 3-0: Called Strike 3-1: Ground out 6-3 (Groundball, 6, EV 103.8 MPH)
|
|
Batting: RHB Tack Wilson
|
0-0: Ball 1-0: Foul Ball, location: 2F 1-1: Bunt missed! 1-2: Foul Ball, location: 2F 1-2: Fly out, F9 (Flyball, 89D, EV 93.8 MPH)
|
|
Batting: RHB Jose Hidalgo
|
0-0: Called Strike 0-1: Ball 1-1: Foul Ball, location: 2F 1-2: Foul Ball, location: 2F 1-2: Ball 2-2: Foul Ball, location: 2F 2-2: Fly out, F8 (Line Drive, 8RD, EV 110.6 MPH)
|
| Bottom of the 3rd over - 0 runs, 0 hits, 0 errors, 0 left on base; California 0 - Detroit 0 |
| TOP OF THE 4TH |
|
California Angels batting - Pitching for Detroit Tigers : RHP Dennis Martinez
|
|
Batting: LHB Brian Rosinski
|
0-0: Ground out U3 (Groundball, 34S, EV 89.4 MPH)
|
|
Batting: RHB Charlie Moore
|
0-0: Called Strike 0-1: Foul Ball, location: 2F 0-2: Ground out U3 (Groundball, 3, EV 98.8 MPH)
|
|
Batting: SHB Ignacio Medina
|
0-0: Ball 1-0: Ball 2-0: Called Strike 2-1: Fly out, F8 (Flyball, 78D, EV 96.3 MPH)
|
| Top of the 4th over - 0 runs, 0 hits, 0 errors, 0 left on base; California 0 - Detroit 0 |
| BOTTOM OF THE 4TH |
|
Detroit Tigers batting - Pitching for California Angels : RHP Eric Prevost
|
|
Batting: SHB Lee Mazzilli
|
0-0: Called Strike 0-1: Ball 1-1: Swinging Strike 1-2: Ball 2-2: SINGLE (Groundball, 4MD, EV 95.6 MPH)
|
|
Batting: RHB Dave Kingman
|
0-0: Ball Lee Mazzilli is caught stealing 2nd base 2-4 1-0: Called Strike 1-1: Foul Ball, location: 2F 1-2: Strikes out swinging
|
|
Batting: RHB Larry Parrish
|
0-0: Ball 1-0: SINGLE (Groundball, 6MD, EV 98.8 MPH)
|
|
Batting: RHB Andre Thornton
|
0-0: Ball 1-0: Ball 2-0: Ball 3-0: Called Strike 3-1: Foul Ball, location: 2F 3-2: Foul Ball, location: 2F 3-2: Strikes out looking
|
| Bottom of the 4th over - 0 runs, 2 hits, 0 errors, 1 left on base; California 0 - Detroit 0 |
| TOP OF THE 5TH |
|
California Angels batting - Pitching for Detroit Tigers : RHP Dennis Martinez
|
|
Batting: LHB Ralph Garr
|
0-0: Fly out, F7 (Flyball, 7D, EV 97.5 MPH)
|
|
Batting: RHB Carlos Pimentel
|
0-0: Ball 1-0: SINGLE (Popup, 3L, EV 65.0 MPH)
|
|
Batting: SHB Manny Castillo
|
0-0: Ball 1-0: Swinging Strike 1-1: Ball 2-1: Ball 3-1: Called Strike 3-2: DOUBLE (Groundball, 5L, EV 101.9 MPH) Carlos Pimentel to third Carlos Pimentel scores
|
|
Batting: RHB Jeff Atherton
|
0-0: Ball 1-0: Ball 2-0: Called Strike 2-1: SINGLE (Line Drive, 34D, EV 100.6 MPH) Manny Castillo to third Runner from 3rd tries for Home, SAFE, throw by RF to home
|
|
Batting: RHB Frank White
|
0-0: Ball 1-0: Ball 2-0: Called Strike 2-1: Ball 3-1: Called Strike 3-2: Foul Ball, location: 2F 3-2: Fly out, F8 (Flyball, 8LXD, EV 105.6 MPH)
|
|
Batting: SHB Jon Hernandez
|
0-0: Ball 1-0: Fly out, F5 (Popup, 5S, EV 84.4 MPH)
|
| Top of the 5th over - 2 runs, 3 hits, 0 errors, 1 left on base; California 2 - Detroit 0 |
| BOTTOM OF THE 5TH |
|
Detroit Tigers batting - Pitching for California Angels : RHP Eric Prevost
|
|
Batting: RHB Keith Moreland
|
0-0: Ground out 6-3 (Groundball, 6, EV 89.4 MPH)
|
|
Batting: SHB Raul Gonzalez
|
0-0: Ball 1-0: Ball 2-0: Ball 3-0: Base on Balls
|
|
Batting: RHB Mike Sproles
|
0-0: Foul Ball, location: 2F 0-1: Ball 1-1: Swinging Strike 1-2: Grounds into double play, 4-6-3 (Groundball, 4, EV 104.4 MPH)
|
| Bottom of the 5th over - 0 runs, 0 hits, 0 errors, 0 left on base; California 2 - Detroit 0 |
| TOP OF THE 6TH |
|
California Angels batting - Pitching for Detroit Tigers : RHP Dennis Martinez
|
|
Batting: LHB Brian Rosinski
|
0-0: Ball 1-0: Called Strike 1-1: Foul Ball, location: 2F 1-2: Ball 2-2: Ground out 4-3 (Groundball, 4MD, EV 84.4 MPH)
|
|
Batting: RHB Charlie Moore
|
0-0: Ball 1-0: Called Strike 1-1: Reached on error, E4 (Groundball, 4, EV 90.6 MPH)
|
|
Batting: SHB Ignacio Medina
|
0-0: Ball 1-0: Called Strike 1-1: Foul Ball, location: 2F 1-2: Fly out, F5 (Popup, 15, EV 75.6 MPH)
|
|
Batting: LHB Ralph Garr
|
0-0: Ground out 4-3 (Groundball, 34D, EV 86.9 MPH)
|
| Top of the 6th over - 0 runs, 0 hits, 1 error, 1 left on base; California 2 - Detroit 0 |
| BOTTOM OF THE 6TH |
|
Detroit Tigers batting - Pitching for California Angels : RHP Eric Prevost
|
|
Batting: RHB Tack Wilson
|
0-0: Ball 1-0: Called Strike 1-1: Ball 2-1: Foul Ball, location: 2F 2-2: SINGLE (Flyball, 8RS, EV 88.8 MPH)
|
|
Batting: RHB Jose Hidalgo
|
0-0: Ball 1-0: Sac Bunt to 15S - play at first, batter OUT! 1-4 Tack Wilson to second
|
|
Batting: SHB Lee Mazzilli
|
0-0: Fly out, F7 (Flyball, 78S, EV 90.6 MPH)
|
|
Batting: RHB Dave Kingman
|
0-0: Called Strike 0-1: Ball 1-1: Foul Ball, location: 2F 1-2: Foul Ball, location: 2F 1-2: Fly out, F8 (Flyball, 8LM, EV 93.1 MPH)
|
| Bottom of the 6th over - 0 runs, 1 hit, 0 errors, 1 left on base; California 2 - Detroit 0 |
| TOP OF THE 7TH |
|
California Angels batting - Pitching for Detroit Tigers : RHP Dennis Martinez
|
|
Batting: RHB Carlos Pimentel
|
0-0: Swinging Strike 0-1: Foul Ball, location: 2F 0-2: Ball 1-2: Foul Ball, location: 2F 1-2: Strikes out swinging
|
|
Batting: SHB Manny Castillo
|
0-0: Ball 1-0: Ball 2-0: Called Strike 2-1: Ground out 6-3 (Groundball, 6S, EV 90.0 MPH)
|
|
Batting: RHB Jeff Atherton
|
0-0: Called Strike 0-1: Ball 1-1: Foul Ball, location: 2F 1-2: Ball 2-2: Ball 3-2: Base on Balls
|
|
Batting: RHB Frank White
|
0-0: Ground out 5-3 (Groundball, 56, EV 106.9 MPH)
|
| Top of the 7th over - 0 runs, 0 hits, 0 errors, 1 left on base; California 2 - Detroit 0 |
| BOTTOM OF THE 7TH |
|
Detroit Tigers batting - Pitching for California Angels : RHP Eric Prevost
|
|
Batting: RHB Larry Parrish
|
0-0: Ball 1-0: Foul Ball, location: 2F 1-1: Called Strike 1-2: Strikes out swinging
|
|
Batting: RHB Andre Thornton
|
0-0: Fly out, F8 (Flyball, 8RXD, EV 87.5 MPH)
|
|
Batting: RHB Keith Moreland
|
0-0: Ball 1-0: Foul Ball, location: 2F 1-1: Called Strike 1-2: Ball 2-2: Strikes out swinging
|
| Bottom of the 7th over - 0 runs, 0 hits, 0 errors, 0 left on base; California 2 - Detroit 0 |
| TOP OF THE 8TH |
|
California Angels batting - Pitching for Detroit Tigers : RHP Dennis Martinez
|
|
Batting: SHB Jon Hernandez
|
0-0: Foul Ball, location: 2F 0-1: Foul Ball, location: 2F 0-2: Ball 1-2: Ball 2-2: Ground out 2-3 (Groundball, 13S, EV 63.8 MPH)
|
|
Batting: LHB Brian Rosinski
|
0-0: Foul Ball, location: 2F 0-1: Foul Ball, location: 2F 0-2: Ground out U3 (Groundball, 3L, EV 90.0 MPH)
|
|
Batting: RHB Charlie Moore
|
0-0: Swinging Strike 0-1: Swinging Strike 0-2: Foul Ball, location: 2F 0-2: Foul Ball, location: 2F 0-2: Fly out, F9 (Flyball, 9LM, EV 90.6 MPH)
|
| Top of the 8th over - 0 runs, 0 hits, 0 errors, 0 left on base; California 2 - Detroit 0 |
| BOTTOM OF THE 8TH |
|
Detroit Tigers batting - Pitching for California Angels : RHP Eric Prevost
|
|
Batting: SHB Raul Gonzalez
|
0-0: Ball 1-0: DOUBLE (Groundball, 3L, EV 106.3 MPH)
|
|
Batting: RHB Mike Sproles
|
0-0: Foul Ball, location: 2F 0-1: Fly out, F7 (Flyball, 7LM, EV 88.8 MPH)
|
|
Batting: RHB Tack Wilson
|
0-0: Called Strike 0-1: Fly out, F9 (Flyball, 89M, EV 88.8 MPH)
|
|
Batting: RHB Jose Hidalgo
|
0-0: Called Strike 0-1: Ball 1-1: Ground out 6-3 (Groundball, 6, EV 81.3 MPH)
|
| Bottom of the 8th over - 0 runs, 1 hit, 0 errors, 1 left on base; California 2 - Detroit 0 |
| TOP OF THE 9TH |
|
California Angels batting - Pitching for Detroit Tigers : RHP Dennis Martinez
|
|
Batting: SHB Ignacio Medina
|
0-0: SINGLE (Flyball, 5D, EV 95.6 MPH)
|
|
Batting: LHB Ralph Garr
|
0-0: Ball Ignacio Medina steals 2nd base 1-0: Intentional Walk
|
|
Batting: RHB Carlos Pimentel
|
0-0: Ball 1-0: Bunted foul 1-1: Ball 2-1: Sac Bunt to 13S - play at first, batter OUT! 1-4 Ignacio Medina to third Ralph Garr to second
|
|
Batting: SHB Manny Castillo
|
0-0: Intentional Walk
|
|
Batting: RHB Jeff Atherton
|
0-0: Called Strike 0-1: Ball 1-1: Ball 2-1: SINGLE (Groundball, 56, EV 97.5 MPH) Ignacio Medina scores Ralph Garr to third Manny Castillo to second Runner from 3rd tries for Home, SAFE, throw by LF to home
|
|
Batting: RHB Frank White
|
0-0: Fly out, F7 (Flyball, 7S, EV 89.4 MPH)
|
|
Batting: SHB Jon Hernandez
|
0-0: Ball 1-0: Ball 2-0: Called Strike 2-1: Foul Ball, location: 2F 2-2: SINGLE (Groundball, 25, EV 68.1 MPH) (infield hit) Manny Castillo to third Jeff Atherton to second
|
|
Batting: LHB Brian Rosinski
|
0-0: Ball 1-0: Ball 2-0: Called Strike 2-1: Fly out, F6 (Popup, 6, EV 56.3 MPH)
|
| Top of the 9th over - 2 runs, 3 hits, 0 errors, 3 left on base; California 4 - Detroit 0 |
| BOTTOM OF THE 9TH |
|
Detroit Tigers batting - Pitching for California Angels : RHP Eric Prevost
|
|
Now at 1B: Jason D Thompson
|
|
|
Batting: SHB Lee Mazzilli
|
0-0: Ball 1-0: Ground out 4-3 (Groundball, 34, EV 90.0 MPH)
|
|
Batting: RHB Dave Kingman
|
0-0: Called Strike 0-1: Foul Ball, location: 2F 0-2: Fly out, F7 (Flyball, 78M, EV 81.9 MPH)
|
|
Batting: RHB Larry Parrish
|
0-0: Foul Ball, location: 2F 0-1: Called Strike 0-2: Foul Ball, location: 2F 0-2: Ground out U3 (Groundball, 34S, EV 82.5 MPH)
|
| Bottom of the 9th over - 0 runs, 0 hits, 0 errors, 0 left on base; California 4 - Detroit 0 |
|